 Dungeon Crawl Stone Soup version 0.30-a0-586-g23e55c9e0a (webtiles) character file.

Game seed: 10177556945197192939

27 snetch the Trooper (level 3, 0/33 HPs)
             Began as a Hill Orc Fighter on Jan 3, 2023.
             Slain by a goblin
             ... wielding a +0 dagger
             ... led by Robin
              (4 damage)
             ... on level 2 of the Dungeon.
             The game lasted 00:00:48 (125 turns).

snetch the Trooper (Hill Orc Fighter)                Turns: 125, Time: 00:00:48

Health: 0/33       AC:  7    Str: 20    XL:     3   Next: 10%
Magic:  3/3        EV:  9    Int:  8    God:
Gold:   11         SH:  4    Dex: 10    Spells: 2/2 levels left

rFire   . . .      SeeInvis .    a - +0 war axe
rCold   . . .      Faith    .    c - +0 buckler
rNeg    . . .      Spirit   .    b - +0 scale mail
rPois   .          Reflect  .    (no helmet)
rElec   .          Harm     .    (no cloak)
rCorr   .          Rampage  .    (no gloves)
Will    .....                    (no boots) Stlth
                                 (no amulet)
HPRegen 0.25/turn                (no ring)
MPRegen 0.08/turn                (no ring)

@: no status effects
A: no striking features
a: no special abilities


You were on level 2 of the Dungeon.
You visited 1 branch of the dungeon, and saw 2 of its levels.

You collected 11 gold pieces.

Inventory:

Hand Weapons
 a - a +0 war axe (weapon)
Armour
 b - a +0 scale mail (worn)
 c - a +0 buckler (worn)
Scrolls
 e - a scroll of identify {unknown}
Potions
 d - a potion of might
 f - a potion of flight {unknown}


   Skills:
 + Level 4.0 Fighting
 + Level 3.4 Axes
 + Level 3.7 Armour
 + Level 3.5 Shields


You had 2 spell levels left.
You didn't know any spells.
Your spell library was empty.

Dungeon Overview and Level Annotations

Branches:
Dungeon (2/15)

Altars:


Message History

The goblin hits you with a +0 dagger. The goblin hits you but does no damage.
You barely miss Robin.
Robin is almost dead.
You barely miss the goblin. You block the goblin's attack.
Robin roars a battlecry!
The goblins go into a battle-frenzy!
Unknown command.
You slash Robin!
You kill Robin!
You miss the goblin. The goblin hits you with a +0 dagger.
Your Fighting skill increases to level 4!
You have reached level 3!
Your experience leads to an increase in your attributes!
Increase (S)trength, (I)ntelligence, or (D)exterity?
You feel stronger. x2
You completely miss the goblin.
The goblin is severely wounded.
You closely miss the goblin. The goblin hits you with a +0 club.
The goblin hits you with a +0 dagger. The goblin hits you with a +0 club.
The goblin hits you but does no damage.
You are too injured to fight recklessly!
You are too injured to fight recklessly!
You are too injured to fight recklessly!
You barely miss the goblin.
The goblin is severely wounded.
You barely miss the goblin. The goblin hits you with a +0 club.
The goblin hits you with a +0 dagger.
* * * LOW HITPOINT WARNING * * *
You closely miss the goblin.
The goblin is severely wounded.
You hit the goblin but do no damage. The goblin hits you but does no damage.
The goblin closely misses you. The goblin hits you with a +0 club.
* * * LOW HITPOINT WARNING * * *
The goblin closely misses you.
You miss the goblin.
The goblin is severely wounded.
You hit the goblin.
You kill the goblin!
The goblin hits you with a +0 dagger.
You die... gg# gg#

#g# ##.# ##..#
##...####
######...#...+
#.......###)##
#.####.## ##@##
#.###.## ##g#
#......## #.##
#####.#.###.##
#...#.#<#
###...##.##
#.......######
#..............
#.......###....


You could see a goblin (strong).

Vanquished Creatures
  Robin (D:2)
  A dart slug (D:1)
  8 goblins
  3 hobgoblins (D:2)
  A rat (D:1)
14 creatures vanquished.

Notes
Turn   | Place    | Note
-------+----------+-------------------------------------------
     0 | D:1      | snetch the Hill Orc Fighter began the quest for the Orb.
     0 | D:1      | Reached XP level 1. HP: 19/19 MP: 1/1
    71 | D:2      | Noticed Robin
    85 | D:2      | Reached XP level 2. HP: 25/27 MP: 2/2
   121 | D:2      | Killed Robin
   122 | D:2      | Reached skill level 4 in Fighting
   122 | D:2      | Reached XP level 3. HP: 21/33 MP: 3/3
   125 | D:2      | Slain by a goblin

Illustrated notes

Levels and vault maps discovered:
D:1:      nicolae_arrival_washed_ashore, layout_rooms,
          hellmonk_ecumenical_altar_blasted, serial_shops, nicolae_square_shop
D:2:      layout_loops_corners, uniq_robin, uniq_terence, uniq_jessica

Skill      XL: |  1  2 |
---------------+-------+-----
Axes           | 3 |  3.4
Fighting       | 4 |  4.0
Armour         | |  3.7
Shields        | |  3.5

Action                   || total
-------------------------++-------
Melee: War axe           ||    43
Armor: Scale mail        ||    10
Dodge: Dodged            ||    22
Block: Buckler           ||     9

Table legend: (Time is in decaauts)
 A = Elapsed time spent in this place.
 B = Non-inter-level travel time spent in this place.
 C = Inter-level travel time spent in this place.
 D = Time resting spent in this place.
 E = Time spent auto-exploring this place.
 F = Levels seen in this place.
 G = Mean time per level.
                   A        B        C        D        E       F      G
               +--------+--------+--------+--------+--------+-----+--------+
         Total |    141 |    141 |      0 |      0 |     33 |   2 |   70.5 |
       Dungeon |    141 |    141 |      0 |      0 |     33 |   2 |   70.5 |
               +--------+--------+--------+--------+--------+-----+--------+

Top non-repeatable levels by time:
     D:2: 88 daAuts
     D:1: 52 daAuts
